Map: Ulrena

Players

LilDicky

  • Race: Terran Terran
  • League: Diamond

DigitZ - Winner!

  • Race: Protoss Protoss
  • League: Diamond

VOD

http://www.twitch.tv/tumescentpie

Description

Time

  • Played on: Jan. 3, 2016, 5:29 p.m.
  • Length: 5:17
Show
View Real Time Build Order
Export as new Build Order

LilDicky Terran 

Build Orders:  

Get SALT Encoding   

  12  0:01  SCV  
  13  0:15  SCV  
  13  0:18  Supply Depot  
  14  0:27  SCV  
  15  0:39  SCV  
  15  0:40  Barracks  
  16  0:51  SCV  
  17  1:03  SCV  
  18  1:16  SCV  
  19  1:27  Barracks  
  19  1:28  Barracks  
  19  1:29  Orbital Command  
  19  1:30  Supply Depot  
  19  1:32  Marine  
  20  1:50  Marine  
  21  1:54  Barracks  
  21  1:55  SCV  
  21  2:00  Barracks  
  22  2:07  SCV  
  22  2:08  Marine  
  24  2:16  Marine x2  
  24  2:19  SCV  
  27  2:26  Marine  
  28  2:34  Marine x2  
  30  2:43  Marine  
  31  3:03  SCV, Marine x5  
  37  3:15  SCV  
  38  3:20  Marine  
  39  3:31  Marine  
  39  3:33  Marine  
  39  3:34  Marine  
  32  3:47  Marine x2  
  26  3:49  Marine  
  26  3:51  Marine  
  26  3:52  Marine  
  23  4:04  Marine x2  
  23  4:06  Marine  
  23  4:09  Marine x2  
  23  4:22  SCV, Marine x2  
  25  4:34  SCV  
  25  4:35  Marine  
  26  4:41  Marine x2  
  26  4:43  Marine  
  28  4:49  Marine  
  28  4:52  SCV  
  30  4:57  Marine  
Show
View Real Time Build Order
Export as new Build Order

DigitZ Protoss - Winner!

Build Orders:  

Get SALT Encoding   

  12  0:01  Probe (Chrono Boost)  
  13  0:12  Probe (Chrono Boost)  
  14  0:21  Pylon  
  14  0:25  Probe (Chrono Boost)  
  15  0:40  Probe (Chrono Boost)  
  16  0:45  Gateway  
  16  0:50  Probe (Chrono Boost)  
  16  0:56  Assimilator  
  17  1:01  Assimilator  
  17  1:02  Probe (Chrono Boost)  
  18  1:12  Probe (Chrono Boost)  
  19  1:23  Probe (Chrono Boost)  
  19  1:32  Cybernetics Core  
  19  1:34  Probe (Chrono Boost)  
  20  1:40  Pylon  
  20  1:45  Probe (Chrono Boost)  
  21  1:53  Gateway  
  21  1:54  Gateway  
  21  1:58  Probe (Chrono Boost)  
  22  2:09  Warp Gate (Chrono Boost)  
  22  2:10  Stalker (Chrono Boost)  
  24  2:19  Pylon  
  26  2:37  Stalker (Chrono Boost)  
  26  2:41  Stalker (Chrono Boost)  
  26  2:42  Stalker (Chrono Boost)  
  30  3:10  Nexus  
  30  3:19  Mothership Core (Chrono Boost)  
  32  3:23  Pylon  
  21  3:52  Probe (Chrono Boost)  
  20  4:09  Pylon  
  20  4:13  Probe (Chrono Boost)  
  21  4:23  Stalker  
  21  4:24  Probe (Chrono Boost)  
  25  4:42  Mothership Core (Chrono Boost)  
  24  4:50  Stalker x2  
  28  4:55  Zealot  
  30  5:01  Probe (Chrono Boost)  
Tags
 
Add a new tag
Caveats
  • Supply blocks, unpowered buildings, or Contaminate may cause inaccurate times.
  • Supply counts are checked every 10 seconds.